 Dungeon Crawl Stone Soup version 0.32-a0-519-g08f29ac1c3 (webtiles) character file.

Game seed: 8038302718352669722

2125 tilp the Covert (level 9, -6/68 HPs)
             Began as a Vampire Enchanter on Feb 28, 2024.
             Mangled by an ogre
             ... wielding a +0 giant club
              (24 damage)
             ... on level 6 of the Dungeon.
             The game lasted 00:10:09 (5609 turns).

tilp the Covert (Vampire Enchanter)                 Turns: 5609, Time: 00:10:10

Health: -6/68      AC:  4    Str:  7    XL:     9   Next: 8%
Magic:  6/15       EV: 13    Int: 22    God:
Gold:   396        SH:  5    Dex: 14    Spells: 11/16 levels left

rFire   . . .        a - +2 dagger (elec)
rCold   . . .        (no shield)
rNeg    . . .        h - +0 robe
rPois   .            j - +0 helmet
rElec   .            G - +0 cloak
rCorr   .            (no gloves)
SInv    +            (no boots)
Will    +....        m - amulet of reflection
Stlth   ++++         l - ring of willpower
HPRegen 0.51/turn    r - +4 ring of slaying
MPRegen 0.14/turn

%: reflection
@: healing quickly
A: alive, fangs 3, see invisible, vampiric 2
a: Exsanguinate


You were on level 6 of the Dungeon.
You visited 2 branches of the dungeon, and saw 7 of its levels.

You collected 396 gold pieces.

Inventory:

Hand Weapons
 a - a +2 dagger of electrocution (weapon)
 b - a +0 long sword
 p - a +1 dagger of chaos
 v - a +1 dagger of flaming
Armour
 h - a +0 robe (worn)
 j - a +0 helmet (worn)
 G - a +0 cloak (worn)
Magical Staves
 D - a staff of fire
Jewellery
 k - a ring of ice
 l - a ring of willpower (left hand)
 m - an amulet of reflection (around neck)
 r - a +4 ring of slaying (right hand)
 F - a ring of protection from cold
Wands
 c - a wand of polymorph (4)
 x - a wand of iceblast (10)
 B - a wand of flame (20)
Scrolls
 d - 2 scrolls of brand weapon
 g - 2 scrolls of poison
 o - 2 scrolls of fear
 q - a scroll of noise {unknown}
 s - a scroll of revelation
 t - a scroll of blinking
 w - a scroll of vulnerability
Potions
 e - 2 potions of haste
 f - 3 potions of attraction
 i - a potion of mutation
 n - 3 potions of curing
 u - a potion of brilliance
 C - a potion of might {unknown}


   Skills:
 * Level 5.3 Fighting
 * Level 6.6 Short Blades
 - Level 4.0 Dodging
 + Level 8.1 Stealth
 + Level 4.3 Spellcasting
 + Level 7.5 Hexes
 - Level 2.0 Ice Magic


You had 11 spell levels left.
You knew the following spells:

 Your Spells              Type           Power      Damage    Failure   Level
a - Ensorcelled Hibernat  Hex/Ice        50%        N/A       2%          2
b - Confusing Touch       Hex            37%        N/A       1%          3

Your spell library contained the following spells:

 Spells                   Type           Power      Damage    Failure   Level
 Tukima's Dance           Hex            37%        N/A       1%          3
 Dazzling Flash           Conj/Hex       42%        N/A       7%          3
 Mephitic Cloud           Conj/Alch/Air  4%         N/A       32%         3
 Silence                  Hex/Air        10%        N/A       54%         5
 Curse of Agony           Necr           4%         N/A       96%         5


Dungeon Overview and Level Annotations

Branches:
Dungeon (6/15)             Temple (1/1) D:4

Altars:
Kikubaaqudgha
Makhleb
Qazlal
Ru
Sif Muna
Vehumet
Xom
Yredelemnul

Shops:
D:4 (


Innate Abilities, Weirdness & Mutations

Your natural rate of healing is accelerated.
You have razor-sharp teeth.
You have supernaturally acute eyesight. (SInv)
You are afflicted with vampirism and can become a bat while bloodless.


Message History

You hit the sleepcap but do no damage.
The sleepcap appears confused.
You bite the sleepcap.
The sleepcap is lightly damaged.
The ogre shouts!
You hit the sleepcap. You bite the sleepcap!
The sleepcap is moderately damaged.
The sleepcap misses you.
You hit the sleepcap.
The sleepcap is heavily damaged.
The sleepcap closely misses you.
You hit the sleepcap.
The sleepcap is severely damaged.
You catch the helpless sleepcap completely off-guard!
You impale the sleepcap!!
You destroy the sleepcap!
Casting: Confusing Touch (safe; 1% risk of failure)
Confirm with . or Enter, or press ? or * to list all spells.
Your hands begin to glow red.
You barely miss the gargoyle. You block the gargoyle's attack.
You hit the gargoyle but do no damage.
The gargoyle appears confused.
You bite the gargoyle, but do no damage.
The gargoyle closely misses you. The ogre attacks as it pursues you!
The ogre hits you with a +0 giant club!
* * * LOW HITPOINT WARNING * * *
Casting: Confusing Touch (safe; 1% risk of failure)
Confirm with . or Enter, or press ? or * to list all spells.
Aiming: Ensorcelled Hibernation (safe; 2% risk of failure)
Press: ? - help, Shift-Dir - straight line, f - ogre
Aim: an ogre, wielding a +0 giant club (chance to affect: 56%)
The ogre resists with significant effort.
The gargoyle hits the ogre with a +0 flail!!
Unknown command.
Casting: Ensorcelled Hibernation (safe; 2% risk of failure)
Confirm with . or Enter, or press ? or * to list all spells.
Aiming: Ensorcelled Hibernation (safe; 2% risk of failure)
Press: ? - help, Shift-Dir - straight line, f/p - ogre
Aim: an ogre, wielding a +0 giant club (almost dead, chance to affect: 56%)
The ogre resists with significant effort.
The ogre hits you with a +0 giant club!!
You die...

##..## ##...# ##...## .
##...## .. ##..9.# ##...
##....## #..... ###.....#
###.....?
###.......###........
#..........@O9....#
....#..#.....######....
.## #.##.##### .# # ..
....#.#.## .#
....#.#..#.## .#
#.#.##.#.###.## .# #
#.....## ##.#####.#
####.#.###.....)).#######
####..#.#.######.........


You could see a gargoyle (confused) and an ogre.

Vanquished Creatures
  An ugly thing (D:6)
  Prince Ribbit (D:5)
  Sigmund (D:3)
  Eustachio (D:5)
  Duvessa (D:5)
  An ogre (D:3)
  2 phantoms
  A bullfrog (D:6)
  2 scorpions (D:5)
  Dowan (D:5)
  2 howler monkeys
  A crimson imp (D:3)
  A hound (D:5)
  3 bombardier beetles
  A jelly (D:6)
  An orc priest (D:3)
  Crazy Yiuf (D:5)
  A sleepcap (D:6)
  4 iguanas
  An orc wizard (D:3)
  6 gnolls (D:3)
  7 adders
  2 shadow imps (D:5)
  A white imp (D:5)
  5 ribbon worms
  3 dart slugs
  10 orcs
  7 endoplasms
  A giant cockroach (D:3)
  8 goblins
  3 hobgoblins
  3 jackals (D:1)
  2 kobolds (D:1)
  2 quokkas (D:3)
  4 ball pythons
  4 bats
  4 frilled lizards
  2 rats
102 creatures vanquished.

Notes
Turn   | Place    | Note
-------+----------+-------------------------------------------
     0 | D:1      | tilp the Vampire Enchanter began the quest for the Orb.
     0 | D:1      | Reached XP level 1. HP: 13/13 MP: 3/3
   225 | D:1      | Reached XP level 2. HP: 13/20 MP: 5/5
   229 | D:1      | Learned a level 2 spell: Ensorcelled Hibernation
   870 | D:2      | Reached skill level 1 in Fighting
   880 | D:1      | Gained mutation: You are afflicted with vampirism and can
                  | become a bat while bloodless. [Vampire growth]
   880 | D:1      | Reached XP level 3. HP: 26/26 MP: 4/6
   919 | D:1      | Learned a level 3 spell: Confusing Touch
  1408 | D:3      | Noticed Sigmund
  1433 | D:3      | Killed Sigmund
  1434 | D:3      | Reached skill level 5 in Stealth
  1434 | D:3      | Reached skill level 5 in Hexes
  1434 | D:3      | Reached skill level 1 in Ice Magic
  1434 | D:3      | Reached XP level 4. HP: 20/33 MP: 3/7
  1434 | D:3      | Reached XP level 5. HP: 23/38 MP: 3/8
  1615 | D:3      | Found a shimmering altar of Xom.
  1616 | D:3      | Found a burning altar of Makhleb.
  1790 | D:3      | Reached XP level 6. HP: 41/44 MP: 6/10
  1883 | D:3      | You fall into a shaft and drop 2 floors!
  1883 | D:5      | Entered Level 5 of the Dungeon
  2369 | D:3      | Reached XP level 7. HP: 23/51 MP: 8/11
  2606 | D:3      | Found a shimmering blue altar of Sif Muna.
  2948 | D:4      | Reached skill level 6 in Stealth
  2973 | D:4      | Found a staircase to the Ecumenical Temple.
  3005 | Temple   | Entered the Ecumenical Temple
  3098 | D:4      | Found Akha's Antique Weapon Shop.
  3452 | D:5      | Noticed Eustachio
  3527 | D:5      | Noticed Prince Ribbit
  3529 | D:5      | Killed Eustachio
  3532 | D:5      | Killed Prince Ribbit
  3533 | D:5      | Reached skill level 5 in Short Blades
  3533 | D:5      | Reached XP level 8. HP: 38/60 MP: 7/13
  3606 | D:5      | Noticed Dowan
  3607 | D:5      | Noticed Duvessa
  3628 | D:5      | Killed Duvessa
  3662 | D:5      | Killed Dowan
  3979 | D:5      | Reached skill level 7 in Stealth
  4314 | D:5      | Found a runed translucent door.
  4315 | D:5      | Noticed Crazy Yiuf
  4888 | D:5      | Killed Crazy Yiuf
  4981 | D:6      | Noticed a cyan ugly thing
  4989 | D:6      | Killed a cyan ugly thing
  4990 | D:6      | Reached skill level 5 in Fighting
  5235 | D:6      | Reached XP level 9. HP: 68/68 MP: 15/15
  5375 | D:6      | Reached skill level 8 in Stealth
  5578 | D:6      | Noticed a gargoyle
  5609 | D:6      | Mangled by an ogre

Illustrated notes

Levels and vault maps discovered:
D:1:      eino_arrival_cavern_a, layout_basic, dreamdust_mushroom_princess,
          minmay_misc_feat_enclosed
D:2:      wad_pebble_path, layout_rooms, hex_intersection
D:3:      layout_basic, grunt_temple_overflow_champion_of_chaos,
          overflow_temple_1_default, chequers_serial_rivers_room_b,
          minmay_quadrilaterals, uniq_sigmund
D:4:      layout_loops_ring, minmay_temple_entry_antechambers, serial_shops,
          nicolae_shop_hallway_plus
D:5:      layout_loops_corners, serial_bayou, serial_bayou_pond_e,
          serial_bayou_ford_a, serial_bayou_shore_a, serial_bayou_shore_b,
          uniq_duvessa, uniq_prince_ribbit1, uniq_crazy_yiuf_cottage,
          uniq_eustachio
D:6:      minmay_thick_lines, layout_loops_cross
Temple:   nicolae_temple_bog_church

Skill      XL: |  1  2  3  4  5  6  7  8  9 |
---------------+----------------------------+-----
Fighting       | 1 2 3 5 |  5.3
Short Blades   | 2 3 5 6 |  6.6
Dodging        | 3 4 |  4.0
Stealth        | 5 6 7 8 |  8.1
Hexes          | 5 6 7 |  7.5
Ice Magic      | 1 2 |  2.0
Spellcasting   | 3 4 |  4.3

Action                     |  1- 3 |  4- 6 |  7- 9 || total
---------------------------+-------+-------+-------++-------
  Melee: Dagger            |    84 |    56 |   115 ||   255
         Bite              |     4 |     5 |    13 ||    22
   Cast: Ensorcelled Hiber |    21 |    23 |    26 ||    70
         Confusing Touch   |       |     1 |    10 ||    11
    Use: Scroll            |     6 |       |     9 ||    15
         Potion            |     1 |       |     1 ||     2
   Stab: Sleeping          |    21 |    17 |    21 ||    59
         Invisible         |     1 |       |     1 ||     2
         Confused          |       |     1 |     6 ||     7
 Armour: Robe              |    48 |    25 |    47 ||   120
  Dodge: Dodged            |    54 |    34 |    42 ||   130
         Repelled          |     1 |       |     3 ||     4
  Block: Other             |     4 |    16 |    15 ||    35

Table legend: (Time is in decaauts)
 A = Elapsed time spent in this place.
 B = Non-inter-level travel time spent in this place.
 C = Inter-level travel time spent in this place.
 D = Time resting spent in this place.
 E = Time spent auto-exploring this place.
 F = Levels seen in this place.
 G = Mean time per level.
                   A        B        C        D        E       F      G
               +--------+--------+--------+--------+--------+-----+--------+
         Total |   5589 |   5448 |    141 |    724 |   3824 |   7 |  798.4 |
       Dungeon |   5588 |   5447 |    141 |    724 |   3824 |   6 |  931.3 |
        Temple |      1 |      1 |      0 |      0 |      0 |   1 |    1.0 |
               +--------+--------+--------+--------+--------+-----+--------+

Top non-repeatable levels by time:
     D:5: 1545 daAuts
     D:3: 1326 daAuts
     D:1: 901 daAuts
     D:4: 706 daAuts
     D:6: 617 daAuts
     D:2: 491 daAuts
  Temple: 1 daAuts
